 Dungeon Crawl Stone Soup version 0.21.1-1-g345015fe64 (webtiles) character file.

256349 Peloso the Hoplite (level 19, -1/181 HPs)
             Began as a Minotaur Fighter on July 28, 2018.
             Was the Champion of Okawaru.
             Killed from afar by Mara (illusionary) (15 damage)
             ... with a bolt of fire
             ... on level 3 of the Elven Halls.
             The game lasted 02:18:52 (44980 turns).

Peloso the Hoplite (Minotaur Fighter)              Turns: 44980, Time: 02:18:53

Health: -1/181     AC: 40    Str: 34    XL:     19   Next: 45%
Magic:  20/20      EV: 15    Int:  5    God:    Okawaru [******]
Gold:   2853       SH: 18    Dex: 19    Spells: 21/21 levels left

rFire    . . .     SeeInvis .   a - +8 demon blade (venom)
rCold    . . .     Gourm    .   c - +0 shield {AC+3}
rNeg     . . .     Faith    +   J - +1 crystal plate armour
rPois    +         Spirit   .   v - +2 hat of the Planets {rCorr Str+4}
rElec    .         Reflect  .   o - +2 cloak {MR+}
rCorr    +         Harm     .   N - +0 pair of gloves {archery}
MR       ++++.                  d - +2 pair of boots "Keoca" {rPois MR+}
Stlth    ..........             x - amulet of faith
HPRegen  0.40/turn              (no ring)
MPRegen  0.17/turn              u - ring of protection from magic

@: mighty, agile, lethally poisoned (-1 -> -1), hasted, drained, very quick
A: retaliatory headbutt, horns 2
}: 1/15 runes: decaying
a: Heroism, Finesse, Renounce Religion


You were on level 3 of the Elven Halls.
You worshipped Okawaru.
Okawaru was exalted by your worship.
You were hungry.

You visited 6 branches of the dungeon, and saw 31 of its levels.
You visited the Abyss 1 time.
You also visited: Labyrinth, Sewer, Bailey and Ice Cave.

You collected 3701 gold pieces.
You spent 848 gold pieces at shops.

Inventory:

Hand Weapons
 a - a +8 demon blade of venom (weapon)
 b - a +1 scimitar of flaming
 L - the +6 war axe of Ysaisibb {flame, rN+ Stlth+}
   (Okawaru gifted it to you on level 2 of the Elven Halls)

   It has been specially enchanted to burn those struck by it, causing extra
   injury to most foes and up to half again as much damage against particularly
   susceptible opponents.
   Big, fiery blades are also staple armaments of hydra-hunters.
   It protects you from negative energy.
   It makes you more stealthy.
 Q - the +10 short sword of the Chickpea {venom, rF+ rC+ Int+2, unknown}
   (You took it off a deep elf demonologist on level 3 of the Elven Halls)

   It poisons the flesh of those it strikes.
   It affects your intelligence (+2).
   It protects you from fire.
   It protects you from cold.
Armour
 c - a +0 shield of protection (worn)
 d - the +2 pair of boots "Keoca" (worn) {rPois MR+}
   (You found it in an ice cave)

   It protects you from poison.
   It affects your resistance to hostile enchantments.
 o - a +2 cloak of magic resistance (worn)
 v - the +2 hat of the Planets (worn) {rCorr Str+4}
   (Okawaru gifted it to you on level 3 of the Swamp)

   It affects your strength (+4).
   It protects you from acid and corrosion.
 J - a +1 crystal plate armour (worn)
 N - a +0 pair of gloves of archery (worn)
 P - the +3 pair of boots of Gunt {rN++ Int+3 Dex-5 Stlth+}
   (Okawaru gifted it to you on level 3 of the Elven Halls)

   It affects your intelligence (+3).
   It affects your dexterity (-5).
   It greatly protects you from negative energy.
   It makes you more stealthy.
Jewellery
 t - an uncursed ring of poison resistance
 u - a ring of protection from magic (right hand)
 x - an amulet of faith (around neck)
 C - an uncursed ring of protection from fire
 E - an uncursed ring of magical power
 G - the ring "Inoevil" {rN+ EV+3, unknown}
   (You took it off a deep elf sorcerer on level 3 of the Elven Halls)

   [ring of evasion]

   It affects your evasion (+3).
   It protects you from negative energy.
 H - a +2 ring of dexterity
 M - a +3 ring of strength
 R - an uncursed ring of flight
Wands
 k - a wand of iceblast (9)
 l - a wand of enslavement (22)
 m - a wand of paralysis (4)
 D - a wand of digging (15)
 U - a wand of acid (9)
Scrolls
 g - 19 scrolls of remove curse
 h - a scroll of enchant armour
 i - 14 scrolls of identify
 n - a scroll of magic mapping
 q - a scroll of fear
 s - a scroll of blinking
 y - 7 scrolls of fog
 z - 2 scrolls of amnesia
 A - a scroll of silence
 F - a scroll of enchant weapon
 W - 2 scrolls of summoning
Potions
 p - 4 potions of haste
 w - 3 potions of flight
 B - 4 potions of curing
 I - 3 potions of might
 K - a potion of invisibility
 O - 6 potions of resistance
 Z - 4 potions of mutation
Books
 e - a book of the Sky

   Spells                             Type                      Level
   a - Summon Lightning Spire         Summoning/Air                4
   b - Silence                        Hexes/Air                    5
   c - Deflect Missiles               Charms/Air                   6
   d - Conjure Ball Lightning         Conjuration/Air              6
   e - Tornado                        Air                          9
Miscellaneous
 r - a phial of floods (inert)
Comestibles
 f - 50 rations


   Skills:
 + Level 18.7(17.9) Fighting
 + Level 19.9(19.0) Long Blades
 + Level 2.5(1.9) Axes
 + Level 2.0(1.4) Throwing
 + Level 18.2(17.3) Armour
 + Level 4.4(3.8) Dodging
 + Level 3.3(2.7) Stealth
 + Level 21.8(20.8) Shields
 + Level 2.3(1.7) Unarmed Combat
 + Level 1.6(1.0) Spellcasting
 + Level 3.7(3.1) Invocations
 + Level 2.7(2.1) Evocations


You had 21 spell levels left.
You didn't know any spells.

Dungeon Overview and Level Annotations

Branches:
Dungeon (15/15)            Temple (1/1) D:5            Lair (6/6) D:8
  Swamp (4/4) Lair:2        Snake (0/4) Lair:2        Slime (0/5) Lair:5
    Orc (2/2) D:12            Elf (3/3) Orc:2        Vaults (0/5) D:14
 Depths (0/5) D:15

Altars:
Ashenzari
Cheibriados
Dithmenos
Fedhas
Hepliaklqana
Kikubaaqudgha
Makhleb
Okawaru
Qazlal
Ru
Trog
Vehumet
Xom
Yredelemnul
Zin
The Shining One
Beogh
Jiyva

Shops:
D:4 ?}   D:5 (   D:6 *   D:11 [?*}(   D:14 }   Orc:1 !   Orc:2 :?(}   Elf:3 [

Annotations:
Elf:3 Mara


Innate Abilities, Weirdness & Mutations

You reflexively headbutt those who attack you in melee.
You have a pair of horns on your head.


Message History

Unknown command.
You barely miss Mara.
Mara is lightly wounded.
Unknown command.
You completely miss Mara.
Mara is lightly wounded.
Mara hits you but does no damage.
Unknown command.
You slice Mara!! You headbutt Mara, but do no damage.
Mara is lightly wounded.
You feel sick.
Unknown command.
You completely miss Mara. You headbutt Mara, but do no damage.
Mara is lightly wounded.
Mara gestures at you.
The bolt of fire misses Mara.
The bolt of fire hits you!
* * * LOW HITPOINT WARNING * * *
Mara gestures at you. The bolt of fire hits you!
You die...

******###################***
,,,,,,.[|..'#.#R@)|..}.([,,*
*,,,,,,,,,##..R##...%.[}.,###
#*,,,,,,,##.....##.}).).(##.##
.##,,,,,##.......##}..))##...##
..##,,,##.........##..}##..)..#
...##,##...........##}##.....##
...)###......#......###.e...##
...).#......###......#.....##
#....))....## ##..........##


You could see 2 Maras.

Vanquished Creatures
  Bai Suzhen (Elf:3)
  A bone dragon (Swamp:4)
  A tentacled monstrosity (Swamp:4)
  2 deep elf blademasters
  A sphinx (D:14)
  Gastronok (Lair:3)
  Kirke (Lair:4)
  Frances (D:12)
  5 thorn hunters
  12 deep elf sorcerers (Elf:3)
  The ghost of Buffaloe the Brawler, a journeyman TrHu of Okawaru (D:14)
  4 deep elf elementalists
  2 entropy weavers (Lair:4)
  The ghost of YourBoobs the Bludgeoner, a journeyman TeMo of Nemelex Xobeh (D:15)
  7 deep elf demonologists
  A dire elephant (Lair:6)
  7 deep elf annihilators (Elf:3)
  8 deep elf death magi
  The ghost of GeorgeFormbyGrill the Protected, a journeyman GrBe of Trog (Lair:3)
  A minotaur (Lab)
  8 deep elf high priests
  The ghost of GeorgeFormbyGrill the Basher, a journeyman GrBe of Trog (D:11)
  3 ghost crabs (Swamp:4)
  12 hydras
  A rakshasa (D:13)
  Harold (D:10)
  7 centaur warriors
  5 ogre magi
  3 death knights
  3 catoblepae
  5 two-headed ogres
  13 death yaks (Lair:6)
  A queen ant (Lair:5)
  A deep troll shaman (Lair:6)
  10 alligators
  Urug (D:12)
  A tengu warrior (D:14)
  A small abomination (Elf:3)
  28 dancing weapons
  8 spriggans
  Nergalle (Orc:2)
  20 deep elf knights
  4 skeletal warriors (D:14)
  2 spriggan druids
  A wizard (D:14)
  3 unseen horrors
  3 shambling mangroves (Swamp:3)
  7 swamp dragons
  16 deep elf archers
  2 lindwurms
  3 spectral hydras (Swamp:4)
  A wolf spider zombie (D:15)
  7 orc knights
  A necromancer (D:15)
  47 deep elf magi
  6 orc sorcerers
  An oklob plant (Swamp:4)
  3 manticores
  9 ugly things
  6 cyclopes
  12 elephants
  A guardian serpent (shapeshifter) (Elf:1)
  A naga mage (D:15)
  7 black mambas
  A torpor snail (Lair:4)
  The ghost of Dommiel19 the Geomancer, a novice GrEE (D:5)
  3 ice statues (IceCv)
  4 gargoyles
  2 kobold demonologists (D:14)
  16 spiny frogs
  3 centaur skeletons
  5 swamp worm zombies (Swamp:4)
  4 yaktaurs (D:14)
  4 rime drakes
  An efreet (D:13)
  2 freezing wraiths
  6 komodo dragons
  3 hydra zombies (Swamp:4)
  A wolf spider simulacrum (D:15)
  6 polar bears
  5 tyrant leeches
  3 trolls
  8 bog bodies
  25 slime creatures
  11 blink frogs
  2 alligator zombies (Swamp:4)
  13 dream sheep
  18 hornets
  3 spectral swamp dragons (Swamp:4)
  10 hippogriffs
  2 shadows
  6 air elementals
  2 wraiths (D:12)
  A wyvern (D:15)
  2 water elementals
  56 yaks
  A hog (Lair:4)
  A fire elemental (Elf:3)
  4 basilisks
  5 hungry ghosts
  12 vampire mosquitoes
  A naga (Lair:2)
  Menkaure (D:6)
  26 swamp worms
  26 soldier ants
  2 acid dragons
  19 insubstantial wisps
  10 porcupines
  14 water moccasins
  15 swamp drakes
  25 orc warriors
  5 sky beasts
  A black bear (Lair:6)
  10 ice beasts
  3 swamp dragon zombies (Swamp:4)
  9 phantoms
  2 necrophages
  18 ogres
  7 centaurs
  23 wolves
  10 crocodiles
  5 big kobolds
  12 bullfrogs
  A gnoll sergeant (Orc:2)
  6 earth elementals
  2 wyvern zombies
  A wyvern skeleton (D:13)
  7 scorpions
  2 troll zombies (D:12)
  13 killer bees
  16 wights
  A howler monkey (D:11)
  3 electric eels
  7 crimson imps
  9 centaur zombies
  3 bullfrog zombies
  3 quasits
  2 bullfrog skeletons
  14 orc priests
  3 jellies
  7 hounds
  26 orc wizards
  Terence (D:3)
  2 iguanas (D:10)
  2 spectral swamp drakes (Swamp:4)
  Ijyb (D:3)
  27 worker ants
  4 ogre zombies (D:12)
  A hound zombie (D:11)
  2 hound skeletons
  5 gnolls
  17 adders
  2 shadow imps
  12 white imps (Orc:1)
  5 oozes
  2 adder skeletons
  An adder zombie (D:9)
  12 worms
  3 dart slugs
  9 leopard geckos
  69 orcs
  3 ball pythons
  16 bats
  11 giant cockroaches
  7 hobgoblins
  8 jackals
  6 quokkas
  4 frilled lizards
  5 goblins
  2 goblin skeletons (D:12)
  A goblin zombie (D:12)
  A hobgoblin skeleton (D:12)
  2 hobgoblin zombies (D:12)
  15 kobolds
  2 orc skeletons (D:12)
  9 orc zombies (D:12)
  9 rats
  2 crawling corpses (Elf:3)
  A fungus (Lair:5)
  A plant (Lair:1)
1240 creatures vanquished.

Vanquished Creatures (others)
  A dancing weapon (Elf:2)
  A deep elf knight (Elf:3)
  A deep elf archer (Elf:1)
  4 humans (Lair:4)
  An iguana (D:4)
  2 orc wizards
  2 worker ants (D:4)
  3 adders (D:4)
  9 worms (Lair:4)
  3 orcs
  A ball python (D:4)
  2 fungi (Lair:5)
  A lurking horror (Abyss:2)
  11 plants
42 creatures vanquished.

Grand Total: 1282 creatures vanquished

Notes
Turn   | Place    | Note
-------+----------+-------------------------------------------
     0 | D:1      | Peloso the Minotaur Fighter began the quest for the Orb.
     0 | D:1      | Reached XP level 1. HP: 19/19 MP: 0/0
    47 | D:1      | Reached XP level 2. HP: 24/27 MP: 1/1
   117 | D:1      | Reached skill level 4 in Shields
   361 | D:1      | Reached XP level 3. HP: 33/33 MP: 2/2
   844 | D:2      | Reached XP level 4. HP: 30/40 MP: 3/3
   899 | D:2      | Found a bloodstained altar of Trog.
  1194 | D:3      | Noticed Terence
  1202 | D:3      | Killed Terence
  1202 | D:3      | Reached skill level 5 in Shields
  1202 | D:3      | Reached XP level 5. HP: 40/47 MP: 4/4
  1292 | D:3      | Reached skill level 1 in Dodging
  1400 | D:3      | Noticed Ijyb
  1406 | D:3      | Killed Ijyb
  1406 | D:3      | Reached skill level 5 in Armour
  1727 | D:3      | Reached XP level 6. HP: 51/53 MP: 5/5
  1999 | D:4      | Found Imohud's Gadget Shoppe.
  2011 | D:4      | Found Wocvuut's Magic Scroll Shoppe.
  2029 | D:4      | Bought a scroll of magic mapping for 49 gold pieces
  2101 | D:4      | Found a glowing drain.
  2130 | Sewer    | Entered a sewer
  2784 | D:4      | Found a shadowy altar of Dithmenos.
  2894 | D:4      | Bought a scroll of identify for 28 gold pieces
  2988 | D:4      | Found a shimmering altar of Xom.
  3369 | D:5      | Entered Level 5 of the Dungeon
  3388 | D:5      | Reached skill level 6 in Shields
  3553 | D:5      | Noticed Dommiel19's ghost (novice GrEE)
  3599 | D:5      | Killed Dommiel19's ghost
  3599 | D:5      | Reached skill level 5 in Fighting
  3599 | D:5      | Reached skill level 5 in Long Blades
  3599 | D:5      | Reached XP level 7. HP: 5/61 MP: 6/6
  4061 | D:5      | Found a staircase to the Ecumenical Temple.
  4068 | Temple   | Entered the Ecumenical Temple
  4090 | Temple   | Became a worshipper of Warmaster Okawaru
  4126 | D:5      | Found Meapn's Weapon Shop.
  4175 | D:5      | Found a snail-covered altar of Cheibriados.
  4176 | D:5      | Found a sacrificial altar of Ru.
  4177 | D:5      | Found a basalt altar of Yredelemnul.
  4177 | D:5      | Found a hazy altar of Hepliaklqana.
  4478 | D:5      | Reached XP level 8. HP: 68/68 MP: 7/7
  4954 | D:6      | Reached skill level 7 in Shields
  4968 | D:6      | Found Lalygh's Assorted Antiques.
  5002 | D:6      | Reached * piety under Okawaru
  5602 | D:6      | Reached ** piety under Okawaru
  5623 | D:6      | Noticed Menkaure
  5635 | D:6      | Killed Menkaure
  5635 | D:6      | Reached XP level 9. HP: 51/75 MP: 8/8
  5823 | D:7      | Reached skill level 8 in Shields
  6277 | D:7      | Noticed a gargoyle
  6288 | D:7      | Killed a gargoyle
  6288 | D:7      | Reached skill level 9 in Shields
  6450 | D:8      | Found a blossoming altar of Fedhas.
  6549 | D:8      | Found a burning altar of Makhleb.
  6553 | D:8      | Found a glowing silver altar of Zin.
  6553 | D:8      | Noticed an angel
  6553 | D:8      | Noticed an Executioner
  6794 | D:8      | Found a staircase to the Lair.
  6968 | D:8      | Reached *** piety under Okawaru
  6968 | D:8      | Reached skill level 10 in Long Blades
  7103 | D:9      | Found a glowing golden altar of the Shining One.
  7137 | D:9      | Found a flagged portal.
  7157 | D:9      | Reached XP level 10. HP: 84/84 MP: 9/9
  7189 | Bailey   | Entered a bailey
  8197 | Bailey   | Reached skill level 10 in Shields
  8460 | Bailey   | Found a roughly hewn altar of Beogh.
  8460 | Bailey   | Noticed an orc knight
  8461 | Bailey   | Found the +8 Wrath of Trog {antimagic, *Rage}
  8469 | Bailey   | Killed an orc knight
  8469 | Bailey   | Reached skill level 1 in Evocations
  8473 | Bailey   | Reached skill level 1 in Invocations
  8476 | Bailey   | Reached skill level 10 in Armour
  8831 | D:9      | Noticed a moth of wrath
  8841 | D:9      | Found a bloodstained altar of Trog.
  8986 | D:9      | Reached **** piety under Okawaru
  9037 | D:10     | Entered Level 10 of the Dungeon
  9038 | D:10     | Noticed Harold
  9229 | D:10     | Killed Harold
  9229 | D:10     | Reached skill level 11 in Shields
  9547 | D:10     | Noticed a cyclops
  9551 | D:10     | Reached skill level 1 in Spellcasting
  9551 | D:10     | Reached XP level 11. HP: 63/94 MP: 10/12
  9572 | D:10     | Reached ***** piety under Okawaru
 10028 | D:10     | Reached skill level 12 in Shields
 10183 | D:10     | Received a gift from Okawaru
 10183 | D:10     | Reached XP level 12. HP: 101/101 MP: 13/13
 10565 | D:11     | Found Xycoarat's Armour Shoppe.
 10629 | D:11     | Found Fuseusoa's Magic Scroll Boutique.
 10638 | D:11     | Bought a scroll of fog for 36 gold pieces
 10638 | D:11     | Bought a scroll of enchant weapon for 135 gold pieces
 10754 | D:11     | Noticed GeorgeFormbyGrill's ghost (journeyman GrBe)
 10796 | D:11     | Killed GeorgeFormbyGrill's ghost
 10828 | D:11     | Found Caamad's Weapon Shop.
 10966 | D:11     | Found Erisacha's Assorted Antiques.
 10980 | D:11     | Bought a twisted chain mail for 285 gold pieces
 10991 | D:11     | Identified the +4 chain mail "Wuam" {rF+ MR+} (You bought it in a shop on level 11 of the Dungeon)
 11068 | D:11     | Found Fuqaed's Gadget Boutique.
 11312 | D:11     | Noticed a two-headed ogre
 11326 | D:11     | Killed a two-headed ogre
 11790 | D:12     | Found a labyrinth entrance.
 11844 | D:12     | Reached skill level 13 in Shields
 11872 | Lab      | Entered a labyrinth
 12293 | Lab      | Noticed a minotaur
 12308 | Lab      | Killed a minotaur
 12308 | Lab      | Received a gift from Okawaru
 12601 | D:12     | Noticed Urug
 12631 | D:12     | Killed Urug
 12913 | D:12     | Found a staircase to the Orcish Mines.
 13167 | D:12     | Found an iron altar of Okawaru.
 13282 | D:12     | Noticed Frances
 13303 | D:12     | Killed Frances
 13541 | D:13     | Noticed a centaur warrior
 13543 | D:13     | Noticed a death knight
 13557 | D:13     | Killed a death knight
 13557 | D:13     | Reached XP level 13. HP: 16/111 MP: 14/14
 13574 | D:13     | Reached ****** piety under Okawaru
 14465 | D:13     | Received a gift from Okawaru
 14476 | D:13     | Got a twisted hand axe {god gift}
 15124 | D:13     | Reached skill level 10 in Fighting
 15124 | D:13     | Reached skill level 14 in Shields
 15410 | Lair:1   | Entered Level 1 of the Lair of Beasts
 16298 | Lair:1   | Identified the +2 hand axe of Fiffoaqo {holy, *Slow +Rage +Fly rF+} (Okawaru gifted it to you on level 13 of the Dungeon)
 16442 | Lair:2   | Received a gift from Okawaru
 16481 | Lair:2   | Found a staircase to the Snake Pit.
 16562 | Lair:2   | Found a staircase to the Swamp.
 17084 | Lair:2   | Got a smelly plate armour
 17095 | Lair:2   | Identified the +2 plate armour "Ciypt" {+Inv Regen+ rCorr} (You found it on level 2 of the Lair of Beasts)
 17206 | Lair:3   | Noticed GeorgeFormbyGrill's ghost (journeyman GrBe)
 17911 | Lair:3   | Killed GeorgeFormbyGrill's ghost
 18031 | Lair:3   | Reached skill level 15 in Long Blades
 18089 | Lair:3   | Noticed Gastronok
 18106 | Lair:3   | Killed Gastronok
 18240 | Lair:3   | Reached XP level 14. HP: 104/124 MP: 15/15
 18371 | Lair:3   | Reached skill level 15 in Shields
 18373 | Lair:3   | Identified a scroll of acquirement
 18735 | Lair:4   | Received a gift from Okawaru
 18786 | Lair:4   | Noticed Kirke
 18797 | Lair:4   | Killed Kirke
 19346 | Lair:4   | Received a gift from Okawaru
 19540 | Lair:5   | Noticed an entropy weaver
 19563 | Lair:5   | Noticed an entropy weaver
 19617 | Lair:4   | HP: 6/126 [poisoned by a soldier ant]
 19999 | Lair:4   | Killed an entropy weaver
 20009 | Lair:4   | Killed an entropy weaver
 20206 | Lair:5   | Received a gift from Okawaru
 20227 | Lair:5   | Got a steaming hat {god gift}
 20256 | Lair:5   | Identified the +0 hat of Fashionability {Str+4} (Okawaru gifted it to you on level 5 of the Lair of Beasts)
 20699 | Lair:5   | Found a viscous altar of Jiyva.
 20700 | Lair:5   | Found a staircase to the Slime Pits.
 21282 | Lair:6   | Entered Level 6 of the Lair of Beasts
 21310 | Lair:6   | Reached skill level 16 in Shields
 21532 | Lair:6   | Received a gift from Okawaru
 21597 | Lair:6   | Reached XP level 15. HP: 73/135 MP: 16/16
 21743 | Lair:6   | Received a gift from Okawaru
 21760 | Lair:6   | Got a faintly humming plate armour {god gift}
 22067 | Lair:6   | Identified the +1 plate armour of Distant Shores {rF++} (Okawaru gifted it to you on level 6 of the Lair of Beasts)
 22236 | Lair:6   | Got a jewelled spear
 23307 | Lair:1   | Identified the cursed +2 spear "Beraw" {pierce, +Inv Str+2} (You found it on level 6 of the Lair of Beasts)
 23591 | Orc:1    | Entered Level 1 of the Orcish Mines
 23591 | Orc:1    | Found a frozen archway.
 23639 | IceCv    | Entered an ice cave
 23978 | IceCv    | Got a pair of twisted boots
 23989 | IceCv    | Identified the +2 pair of boots "Keoca" {rPois MR+} (You found it in an ice cave)
 24319 | Orc:1    | Found Omeigiet's Distillery.
 24497 | Orc:2    | Entered Level 2 of the Orcish Mines
 24526 | Orc:2    | Found a staircase to the Elven Halls.
 24539 | Orc:2    | Received a gift from Okawaru
 24552 | Orc:2    | Got a pair of encrusted boots {god gift}
 24583 | Orc:2    | Identified the +1 pair of boots "Wegito" {Str+4} (Okawaru gifted it to you on level 2 of the Orcish Mines)
 24775 | Orc:2    | Reached skill level 17 in Shields
 24852 | Orc:2    | Found Emniklos's Magic Scroll Shoppe.
 24880 | Orc:2    | Bought a scroll of enchant armour for 105 gold pieces
 24880 | Orc:2    | Bought a scroll of enchant armour for 105 gold pieces
 24880 | Orc:2    | Bought a scroll of enchant weapon for 105 gold pieces
 24905 | Orc:2    | Found a radiant altar of Vehumet.
 24928 | Orc:2    | Noticed Nergalle
 24940 | Orc:2    | Killed Nergalle
 25031 | Orc:2    | Found an ancient bone altar of Kikubaaqudgha.
 25162 | Orc:2    | Found a roughly hewn altar of Beogh.
 25162 | Orc:2    | Found Gubip's Book Emporium.
 25185 | Orc:2    | Reached skill level 15 in Armour
 25186 | Orc:2    | Found Maaqufum's Antique Weapon Emporium.
 25493 | Orc:2    | Found Loulot's Gadget Shoppe.
 25563 | Orc:2    | Found a roughly hewn altar of Beogh.
 25966 | Swamp:1  | Entered Level 1 of the Swamp
 27044 | Swamp:1  | Reached XP level 16. HP: 147/147 MP: 17/17
 27105 | Swamp:1  | Received a gift from Okawaru
 27672 | D:14     | Received a gift from Okawaru
 28237 | D:14     | Noticed a sphinx
 28316 | D:14     | Found a runed door.
 28353 | D:14     | Cast into level 2 of the Abyss (death knight)
 28410 | Abyss:2  | Noticed a bone dragon
 28430 | D:14     | Escaped the Abyss
 28784 | D:14     | Reached skill level 18 in Shields
 29012 | D:14     | Noticed Buffaloe's ghost (journeyman TrHu)
 29033 | D:14     | Killed Buffaloe's ghost
 29033 | D:14     | Reached skill level 15 in Fighting
 29141 | D:14     | Found a gate to the Vaults.
 29586 | D:14     | Found Gubyref's Gadget Emporium.
 29736 | D:14     | Received a gift from Okawaru
 29776 | D:14     | Identified the Incunabulum of Entrancing Transmutation
 29883 | D:14     | Killed a sphinx
 30026 | D:15     | Entered Level 15 of the Dungeon
 30257 | D:15     | Noticed YourBoobs's ghost (journeyman TeMo)
 30286 | D:15     | Killed YourBoobs's ghost
 30606 | D:15     | Found a staircase to the Depths.
 30619 | D:15     | Received a gift from Okawaru
 31024 | Swamp:2  | Noticed a thorn hunter
 31036 | Swamp:2  | Killed a thorn hunter
 31436 | Swamp:2  | Noticed a thorn hunter
 31442 | Swamp:2  | Killed a thorn hunter
 31442 | Swamp:2  | Reached XP level 17. HP: 158/158 MP: 18/18
 31705 | Swamp:3  | Received a gift from Okawaru
 31709 | Swamp:3  | Got a spiked hat {god gift}
 31720 | Swamp:3  | Identified the +2 hat of the Planets {rCorr Str+4} (Okawaru gifted it to you on level 3 of the Swamp)
 32133 | Swamp:3  | HP: 4/158 [alligator[a spriggan druid] (19)]
 32721 | Swamp:3  | Reached skill level 19 in Shields
 33697 | Swamp:4  | Entered Level 4 of the Swamp
 33778 | Swamp:4  | Noticed a tentacled monstrosity
 33798 | Swamp:4  | Killed a tentacled monstrosity
 34334 | Swamp:4  | Received a gift from Okawaru
 34347 | Swamp:4  | Got a pitted scale mail {god gift}
 34939 | Swamp:4  | Noticed a bone dragon
 34967 | Swamp:4  | Killed a bone dragon
 35597 | Swamp:4  | Got a decaying rune of Zot
 35833 | Swamp:4  | Identified the +0 scale mail of Joy {+Fly Str+4} (Okawaru gifted it to you on level 4 of the Swamp)
 36220 | Elf:1    | Entered Level 1 of the Elven Halls
 36795 | Elf:1    | Reached skill level 20 in Shields
 37652 | Elf:2    | Reached XP level 18. HP: 170/170 MP: 19/19
 37655 | Elf:2    | Received a gift from Okawaru
 37802 | Elf:2    | Received a gift from Okawaru
 37842 | Elf:2    | Got a fine war axe {god gift}
 38968 | Elf:2    | Found a runed gate.
 38968 | Elf:2    | Found a runed gate.
 38969 | Elf:2    | Identified the +6 war axe of Ysaisibb {flame, rN+ Stlth+} (Okawaru gifted it to you on level 2 of the Elven Halls)
 38970 | Elf:2    | Found a runed gate.
 38991 | Elf:2    | Received a gift from Okawaru
 39507 | Elf:2    | Received a gift from Okawaru
 40326 | Elf:3    | Entered Level 3 of the Elven Halls
 40392 | Elf:3    | Found Xauc Lep's Antique Armour Boutique.
 40593 | Elf:3    | Reached skill level 21 in Shields
 40835 | Elf:3    | Received a gift from Okawaru
 40858 | Elf:3    | Got a pair of warped boots {god gift}
 40859 | Elf:3    | Identified the +3 pair of boots of Gunt {rN++ Int+3 Dex-5 Stlth+} (Okawaru gifted it to you on level 3 of the Elven Halls)
 42501 | Elf:3    | Got a steaming short sword {venom}
 42749 | Elf:3    | Reached XP level 19. HP: 90/179 MP: 20/20
 43021 | Elf:3    | Got a coiled ivory ring
 43652 | Elf:3    | Noticed Bai Suzhen
 43656 | Elf:3    | Received a gift from Okawaru
 43672 | Elf:3    | Noticed Mara
 44503 | Elf:3    | Killed Bai Suzhen
 44809 | Elf:3    | Noticed Peloso's illusion
 44848 | Elf:3    | Received a gift from Okawaru
 44937 | Elf:3    | Noticed Peloso's illusion
 44980 | Elf:3    | Killed from afar by Mara (illusionary)

Skill      XL: |  1  2  3  4  5  6  7  8  9 10 11 12 13 14 15 16 17 18 19 |
---------------+----------------------------------------------------------+-----
Armour         | 4 5 6 8 9 10 11 13 14 15 16 17 18 | 18.2
Shields        | 4 5 6 7 9 11 12 13 14 16 17 18 20 21 | 21.8
Fighting       | 4 5 6 7 8 9 11 13 14 15 17 18 | 18.7
Long Blades    | 3 5 6 8 10 11 13 15 16 17 18 19 | 19.9
Dodging        | 1 2 3 4 |  4.4
Evocations     | 2 |  2.7
Invocations    | 2 3 |  3.7
Axes           | 2 |  2.5
Throwing       | 2 |  2.0
Stealth        | 2 3 |  3.3
Unarmed Combat | 2 |  2.3
Spellcasting   | 1 |  1.6

Action                   |  1- 3 |  4- 6 |  7- 9 | 10-12 | 13-15 | 16-18 | 19-21 || total
-------------------------+-------+-------+-------+-------+-------+-------+-------++-------
Melee: Long sword        |    83 |   196 |       |       |       |       |       ||   279
       Headbutt          |    12 |    50 |    87 |   223 |   398 |   528 |    97 ||  1395
       Falchion          |       |    60 |   381 |   599 |       |       |       ||  1040
       Demon blade       |       |       |       |   180 |  1500 |  1748 |   276 ||  3704
       Scimitar          |       |       |       |       |    22 |    55 |       ||    77
Invok: Heroism           |       |       |     3 |     7 |     5 |     5 |     2 ||    22
       Finesse           |       |       |       |     1 |     1 |       |       ||     2
Evoke: Wand              |       |       |       |    18 |     7 |     4 |       ||    29
       Phial of floods   |       |       |       |       |       |       |     1 ||     1
  Use: Scroll            |       |    10 |       |    14 |    12 |    19 |     9 ||    64
       Potion            |       |     2 |       |     2 |     3 |     5 |     8 ||    20
 Stab: Petrified         |       |       |       |       |    11 |       |       ||    11
       Fleeing           |       |       |       |       |       |       |     1 ||     1
  Eat: Chunk             |       |     8 |     8 |    20 |    34 |    35 |     3 ||   108
       Ration            |       |     1 |     1 |     1 |     3 |     5 |     1 ||    12
Armor: Scale mail        |    47 |    24 |       |       |       |       |       ||    71
       Plate armour      |       |   214 |   181 |    48 |       |       |       ||   443
       Crystal plate arm |       |       |       |   228 |   748 |  1004 |    88 ||  2068
       Chain mail        |       |       |       |    42 |       |       |       ||    42
Dodge: Dodged            |    33 |    84 |    90 |   142 |   293 |   398 |    41 ||  1081
Block: Shield            |    59 |   239 |   186 |   465 |   895 |  1185 |   115 ||  3144
       Rpst.: Long sword |     5 |    23 |       |       |       |       |       ||    28
       Falchion          |       |     5 |    25 |    24 |       |       |       ||    54
       Demon blade       |       |       |       |     7 |    64 |    71 |     9 ||   151
       Scimitar          |       |       |       |       |       |     3 |       ||     3
